BSA
NEW YORK KNIGHTS @ NIAGARA FALLS FRENZY
09/26/2026
 
TOP OF THE 1ST
New York Knights batting - Pitching for Niagara Falls Frenzy : RHP Ed Jones
Pitching: RHP Ed Jones
Batting: LHB Warren Potter 0-0: Called Strike
0-1: SINGLE (Groundball, 34D)
Batting: RHB Pepe Carrasco 0-0: Called Strike
0-1: Called Strike
0-2: Ball
1-2: Foul Ball, location: 2F
1-2: Foul Ball, location: 2F
1-2: Fielders Choice at 2nd, 4-6 (Groundball, 4)
Batting: LHB Troy Donaldson 0-0: Ball
Balk!
Pepe Carrasco to second
1-0: Ball
2-0: Called Strike
2-1: Foul Ball, location: 2F
2-2: Fly out, F6 (Popup, 6M)
Batting: LHB Tom Waller 0-0: Ground out 4-3 (Groundball, 4M)
Top of the 1st over - 0 run(s), 1 hit(s), 0 error(s), 1 left on base; New York 0 - Niagara Falls 0
BOTTOM OF THE 1ST
Niagara Falls Frenzy batting - Pitching for New York Knights : LHP Hong-ryul Yun
Pitching: LHP Hong-ryul Yun
Batting: RHB Hidetada Kichida 0-0: Called Strike
0-1: Ball
1-1: Ball
2-1: Ground out 3-1 (Groundball, 34S)
Batting: LHB Dante Owens 0-0: Called Strike
0-1: Foul Ball, location: 2F
0-2: Ball
1-2: Strikes out swinging
Batting: SHB Martín De Jesús 0-0: Called Strike
0-1: Foul Ball, location: 2F
0-2: Ball
1-2: Ball
2-2: Ball
3-2: Base on Balls
Batting: RHB Lawrence Schroeder 0-0: Ball
1-0: Ball
2-0: Foul Ball, location: 2F
2-1: Ball
3-1: SINGLE (Line Drive, 4MD)
Martín De Jesús to second
Runner from 2nd tries for 3rd, SAFE, throw made to third
Batting: RHB Keitaro Suzuki 0-0: Ball
1-0: Ball
2-0: SINGLE (Flyball, 9LS)
Martín De Jesús scores
Lawrence Schroeder to second
Runner from 2nd tries for 3rd, SAFE, throw made to third
Batting: LHB Bill Hall 0-0: Foul Ball, location: 2F
0-1: Called Strike
0-2: Strikes out swinging
Bottom of the 1st over - 1 run(s), 2 hit(s), 0 error(s), 2 left on base; New York 0 - Niagara Falls 1
TOP OF THE 2ND
New York Knights batting - Pitching for Niagara Falls Frenzy : RHP Ed Jones
Batting: LHB Iván Salas 0-0: Fly out, F6 (Popup, 6)
Batting: RHB José Aguilera 0-0: Ball
1-0: Ball
2-0: Ball
3-0: Base on Balls
Batting: RHB Sixto Vélez 0-0: Called Strike
0-1: Ball
1-1: DOUBLE (Line Drive, 5L)
José Aguilera to third
Batting: RHB Lonnie Anderson 0-0: Fly out, F9 (Line Drive, 9M)
Runner from 3rd tags up, SCORES, throw made
Batting: RHB Yasuhiko Sumita 0-0: Called Strike
0-1: Foul Ball, location: 2F
0-2: Ball
1-2: Ball
2-2: Ball
3-2: Strikes out swinging
Top of the 2nd over - 1 run(s), 1 hit(s), 0 error(s), 1 left on base; New York 1 - Niagara Falls 1
BOTTOM OF THE 2ND
Niagara Falls Frenzy batting - Pitching for New York Knights : LHP Hong-ryul Yun
Batting: RHB Gerald Burnett 0-0: Foul Ball, location: 2F
0-1: Ground out 4-3 (Groundball, 34)
Batting: RHB Luther Stoffels 0-0: Foul Ball, location: 2F
0-1: Foul Ball, location: 2F
0-2: Ball
1-2: Reached on error, E6 (Groundball, 56)
Batting: RHB Jung-ha Kim 0-0: Foul Ball, location: 2F
0-1: Foul Ball, location: 2F
0-2: Ball
1-2: Strikes out looking
Batting: RHB Hidetada Kichida 0-0: Called Strike
0-1: Foul Ball, location: 2F
0-2: Ball
1-2: Strikes out swinging
Bottom of the 2nd over - 0 run(s), 0 hit(s), 1 error(s), 1 left on base; New York 1 - Niagara Falls 1
TOP OF THE 3RD
New York Knights batting - Pitching for Niagara Falls Frenzy : RHP Ed Jones
Batting: LHB Warren Potter 0-0: Ball
1-0: Ball
2-0: Ball
3-0: Called Strike
3-1: Called Strike
3-2: Fly out, F7 (Flyball, 7M)
Batting: RHB Pepe Carrasco 0-0: Ball
1-0: SINGLE (Line Drive, 3)
Batting: LHB Troy Donaldson 0-0: Ball
1-0: Ball
2-0: Swinging Strike
2-1: Ball
3-1: Grounds into double play, 6-4-3 (Groundball, 6)
Top of the 3rd over - 0 run(s), 1 hit(s), 0 error(s), 0 left on base; New York 1 - Niagara Falls 1
BOTTOM OF THE 3RD
Niagara Falls Frenzy batting - Pitching for New York Knights : LHP Hong-ryul Yun
Batting: LHB Dante Owens 0-0: Fly out, F8 (Flyball, 89XD)
Batting: SHB Martín De Jesús 0-0: Ball
1-0: Called Strike
1-1: Foul Ball, location: 2F
1-2: Strikes out looking
Batting: RHB Lawrence Schroeder 0-0: Ball
1-0: Swinging Strike
1-1: Called Strike
1-2: Strikes out swinging
Bottom of the 3rd over - 0 run(s), 0 hit(s), 0 error(s), 0 left on base; New York 1 - Niagara Falls 1
TOP OF THE 4TH
New York Knights batting - Pitching for Niagara Falls Frenzy : RHP Ed Jones
Batting: LHB Tom Waller 0-0: Called Strike
0-1: Ball
1-1: Ball
2-1: Ball
3-1: Called Strike
3-2: Ground out U3 (Groundball, 3)
Batting: LHB Iván Salas 0-0: Ball
1-0: Ball
2-0: DOUBLE (Line Drive, 8RM)
Batting: RHB José Aguilera 0-0: Called Strike
0-1: Foul Ball, location: 2F
0-2: Ball
1-2: Strikes out swinging
Batting: RHB Sixto Vélez 0-0: Foul Ball, location: 2F
0-1: Ball
1-1: Ground out 6-3 (Groundball, 6)
Top of the 4th over - 0 run(s), 1 hit(s), 0 error(s), 1 left on base; New York 1 - Niagara Falls 1
BOTTOM OF THE 4TH
Niagara Falls Frenzy batting - Pitching for New York Knights : LHP Hong-ryul Yun
Batting: RHB Keitaro Suzuki 0-0: Ball
1-0: Ball
2-0: Ball
3-0: Swinging Strike
3-1: Called Strike
3-2: Strikes out swinging
Batting: LHB Bill Hall 0-0: Foul Ball, location: 2F
0-1: Foul Ball, location: 2F
0-2: Foul Ball, location: 2F
0-2: DOUBLE (Line Drive, 3D)
Batting: RHB Gerald Burnett 0-0: Called Strike
0-1: Fly out, F4 (Popup, 34D)
Batting: RHB Luther Stoffels 0-0: Ball
1-0: Called Strike
1-1: Ground out 1-3 (Groundball, 13S)
Bottom of the 4th over - 0 run(s), 1 hit(s), 0 error(s), 1 left on base; New York 1 - Niagara Falls 1
TOP OF THE 5TH
New York Knights batting - Pitching for Niagara Falls Frenzy : RHP Ed Jones
Batting: RHB Lonnie Anderson 0-0: Ball
1-0: Called Strike
1-1: SINGLE (Line Drive, 34D)
Batting: RHB Yasuhiko Sumita 0-0: Called Strike
0-1: Ball
1-1: Called Strike
1-2: Ball
2-2: Fielders Choice at 2nd, 6-4 (Groundball, 6M)
Batting: LHB Warren Potter 0-0: Hit by Pitch
Yasuhiko Sumita to second
Batting: RHB Pepe Carrasco 0-0: Called Strike
0-1: Called Strike
0-2: Ball
1-2: Hit by Pitch
Yasuhiko Sumita to third
Warren Potter to second
Batting: LHB Troy Donaldson 0-0: Called Strike
0-1: Foul Ball, location: 2F
0-2: Ball
1-2: Strikes out swinging
Batting: LHB Tom Waller 0-0: Called Strike
0-1: DOUBLE (Flyball, 7LS)
Yasuhiko Sumita scores
Warren Potter scores
Pepe Carrasco to third
Runner from 3rd tries for Home, throw and OUT!
Top of the 5th over - 2 run(s), 2 hit(s), 0 error(s), 1 left on base; New York 3 - Niagara Falls 1
BOTTOM OF THE 5TH
Niagara Falls Frenzy batting - Pitching for New York Knights : LHP Hong-ryul Yun
Batting: RHB Jung-ha Kim 0-0: Swinging Strike
0-1: Foul Ball, location: 2F
0-2: Foul Ball, location: 2F
0-2: Ball
1-2: Ball
2-2: Foul Ball, location: 2F
2-2: Strikes out looking
Batting: RHB Hidetada Kichida 0-0: Ball
1-0: Foul Ball, location: 2F
1-1: Ball
2-1: Ball
3-1: Ground out 6-3 (Groundball, 6)
Batting: LHB Dante Owens 0-0: Called Strike
0-1: Ball
1-1: Ball
2-1: Called Strike
2-2: Ball
3-2: Ground out 4-3 (Groundball, 4)
Bottom of the 5th over - 0 run(s), 0 hit(s), 0 error(s), 0 left on base; New York 3 - Niagara Falls 1
TOP OF THE 6TH
New York Knights batting - Pitching for Niagara Falls Frenzy : RHP Ed Jones
Batting: LHB Iván Salas 0-0: Ball
1-0: SINGLE (Line Drive, 56)
Batting: RHB José Aguilera 0-0: Foul Ball, location: 2F
0-1: SINGLE (Groundball, 56D)
Iván Salas to second
Batting: RHB Sixto Vélez 0-0: Called Strike
0-1: Foul Ball, location: 2F
0-2: 3-RUN HOME RUN (Line Drive, 7LD), Distance : 387 ft
Batting: RHB Lonnie Anderson 0-0: Ground out U3 (Groundball, 3)
Batting: RHB Yasuhiko Sumita 0-0: Ball
1-0: Foul Ball, location: 2F
1-1: Ball
2-1: Ball
3-1: Base on Balls
Batting: LHB Warren Potter 0-0: Called Strike
0-1: Ball
1-1: Ball
2-1: SINGLE (Line Drive, 7LS)
Yasuhiko Sumita to second
Batting: RHB Pepe Carrasco 0-0: Ball
1-0: Called Strike
1-1: Ball
2-1: Foul Ball, location: 2F
2-2: Foul Ball, location: 2F
2-2: Foul Ball, location: 2F
2-2: Ball
3-2: Base on Balls
Yasuhiko Sumita to third
Warren Potter to second
Pitching: RHP Luis López
Batting: LHB Troy Donaldson 0-0: Called Strike
0-1: Ball
1-1: Ball
2-1: Ball
3-1: Called Strike
3-2: Base on Balls
Yasuhiko Sumita scores
Warren Potter to third
Pepe Carrasco to second
Batting: LHB Tom Waller 0-0: Ball
1-0: Ball
2-0: Foul Ball, location: 2F
2-1: Foul Ball, location: 2F
2-2: Ball
3-2: Fly out, F6 (Popup, 5F)
Batting: LHB Iván Salas 0-0: Called Strike
0-1: Called Strike
0-2: Strikes out swinging
Top of the 6th over - 4 run(s), 4 hit(s), 0 error(s), 3 left on base; New York 7 - Niagara Falls 1
BOTTOM OF THE 6TH
Niagara Falls Frenzy batting - Pitching for New York Knights : LHP Hong-ryul Yun
Batting: SHB Martín De Jesús 0-0: Ball
1-0: Ball
2-0: Called Strike
2-1: Foul Ball, location: 2F
2-2: Foul Ball, location: 2F
2-2: Strikes out swinging
Batting: RHB Lawrence Schroeder 0-0: Ground out 6-3 (Groundball, 6)
Batting: RHB Keitaro Suzuki 0-0: Ball
1-0: DOUBLE (Line Drive, 9D)
Batting: LHB Bill Hall 0-0: Called Strike
0-1: SINGLE (Line Drive, 34)
Keitaro Suzuki to third
Runner from 3rd tries for Home, SAFE, no throw or cutoff
Batting: RHB Gerald Burnett 0-0: Swinging Strike
0-1: Foul Ball, location: 2F
0-2: Foul Ball, location: 2F
0-2: Fly out, F7 (Flyball, 78S)
Bottom of the 6th over - 1 run(s), 2 hit(s), 0 error(s), 1 left on base; New York 7 - Niagara Falls 2
TOP OF THE 7TH
New York Knights batting - Pitching for Niagara Falls Frenzy : RHP Luis López
Batting: RHB José Aguilera 0-0: Foul Ball, location: 2F
0-1: Ball
1-1: Ball
2-1: Ball
3-1: Called Strike
3-2: Base on Balls
Batting: RHB Sixto Vélez 0-0: Sac Bunt - play at first, batter OUT! 5-3
José Aguilera to second
Batting: RHB Lonnie Anderson 0-0: Ball
1-0: Called Strike
1-1: Ground out 5-3 (Groundball, 5L)
Batting: RHB Yasuhiko Sumita 0-0: Ball
1-0: Ball
2-0: Ground out 6-3 (Groundball, 6)
Top of the 7th over - 0 run(s), 0 hit(s), 0 error(s), 1 left on base; New York 7 - Niagara Falls 2
BOTTOM OF THE 7TH
Niagara Falls Frenzy batting - Pitching for New York Knights : LHP Hong-ryul Yun
Pitching: RHP Elton Johnston
Batting: RHB Luther Stoffels 0-0: Ball
1-0: Ball
2-0: Ball
3-0: Base on Balls
Batting: RHB Jung-ha Kim 0-0: Called Strike
0-1: Called Strike
0-2: Foul Ball, location: 2F
0-2: Strikes out swinging
Batting: RHB Hidetada Kichida 0-0: Called Strike
Luther Stoffels steals 2nd base
0-1: Ball
1-1: Ball
2-1: Foul Ball, location: 2F
2-2: Ball
3-2: Foul Ball, location: 2F
3-2: Reached on error, E4 (Groundball, 4M)
Luther Stoffels to third
Batting: LHB Dante Owens 0-0: Ball
Hidetada Kichida steals 2nd base
1-0: Ball
2-0: Ball
3-0: Base on Balls
Batting: SHB Martín De Jesús 0-0: Foul Ball, location: 2F
0-1: Swinging Strike
0-2: Ball
1-2: Ball
2-2: Strikes out swinging
Batting: RHB Lawrence Schroeder 0-0: Called Strike
0-1: Swinging Strike
Passed Ball!
Luther Stoffels scores
Hidetada Kichida to third
Dante Owens to second
0-2: Foul Ball, location: 2F
0-2: Strikes out swinging
Bottom of the 7th over - 1 run(s), 0 hit(s), 1 error(s), 2 left on base; New York 7 - Niagara Falls 3
TOP OF THE 8TH
New York Knights batting - Pitching for Niagara Falls Frenzy : RHP Luis López
Batting: LHB Warren Potter 0-0: Called Strike
0-1: Ball
1-1: Ball
2-1: Foul Ball, location: 2F
2-2: Ball
3-2: Ground out 4-3 (Groundball, 4)
Pitching: LHP Wilbert Cooper
Batting: RHB Pepe Carrasco 0-0: Ball
1-0: SINGLE (Flyball, 89S)
Batting: LHB Troy Donaldson 0-0: Foul Ball, location: 2F
0-1: Ball
1-1: Fielders Choice at 2nd, 1-6 (Groundball, 13S)
Batting: LHB Tom Waller 0-0: Ground out 6-3 (Groundball, 6)
Top of the 8th over - 0 run(s), 1 hit(s), 0 error(s), 1 left on base; New York 7 - Niagara Falls 3
BOTTOM OF THE 8TH
Niagara Falls Frenzy batting - Pitching for New York Knights : RHP Elton Johnston
Batting: RHB Keitaro Suzuki 0-0: Ball
1-0: Ball
2-0: Ball
3-0: Called Strike
3-1: Fly out, F7 (Flyball, 7D)
Batting: LHB Bill Hall 0-0: Called Strike
0-1: Foul Ball, location: 2F
0-2: Foul Ball, location: 2F
0-2: Fly out, F6 (Popup, 6MD)
Batting: RHB Gerald Burnett 0-0: Called Strike
0-1: Ground out 6-3 (Groundball, 6S)
Bottom of the 8th over - 0 run(s), 0 hit(s), 0 error(s), 0 left on base; New York 7 - Niagara Falls 3
TOP OF THE 9TH
New York Knights batting - Pitching for Niagara Falls Frenzy : LHP Wilbert Cooper
Batting: LHB Iván Salas 0-0: Ball
1-0: Ground out 6-3 (Groundball, 6M)
Batting: RHB José Aguilera 0-0: Foul Ball, location: 2F
0-1: Ball
1-1: Swinging Strike
1-2: DOUBLE (Line Drive, 9LM)
Batting: RHB Sixto Vélez 0-0: Ball
José Aguilera is caught stealing 3rd base
1-0: Called Strike
1-1: Ball
2-1: Foul Ball, location: 2F
2-2: Foul Ball, location: 2F
2-2: Foul Ball, location: 2F
2-2: Ball
3-2: DOUBLE (Line Drive, 9LS)
Pinch Runner at 2nd Dan Hamilton:
Batting: RHB Lonnie Anderson 0-0: Called Strike
0-1: Ball
1-1: Ball
2-1: Ball
Wild Pitch!
Dan Hamilton to third
3-1: Base on Balls
Batting: RHB Yasuhiko Sumita 0-0: Called Strike
0-1: Ball
1-1: Ball
2-1: Ball
3-1: Fielders Choice at 2nd, U4 (Groundball, 4M)
Top of the 9th over - 0 run(s), 2 hit(s), 0 error(s), 2 left on base; New York 7 - Niagara Falls 3
BOTTOM OF THE 9TH
Niagara Falls Frenzy batting - Pitching for New York Knights : RHP Elton Johnston
Now at 2B: Dan Hamilton
Batting: RHB Luther Stoffels 0-0: Ball
1-0: Fly out, F7 (Line Drive, 7S)
Batting: RHB Jung-ha Kim 0-0: Ball
1-0: Ground out 5-3 (Groundball, 56S)
Batting: RHB Hidetada Kichida 0-0: Ball
1-0: Ball
2-0: Swinging Strike
2-1: Fly out, F4 (Popup, 34D)
Bottom of the 9th over - 0 run(s), 0 hit(s), 0 error(s), 0 left on base; New York 7 - Niagara Falls 3
Monday, December 5th, 2016 - OOTP Baseball 17.12 Build 75